[Event "Olaine Open Rapid 2018"]
[Site "Olaine"]
[Date "2018.11.25"]
[Round "1.3"]
[White "Osobskaja, Zinaida"]
[Black "Mustaps, Matiss"]
[Result "0-1"]
[WhiteElo "1696"]
[BlackElo "2354"]
[PlyCount "66"]
[EventDate "2018.11.24"]
[EventType "swiss"]
[EventCountry "LAT"]
[TimeControl "600+5"]
[WhiteClock "0:05:42"]
[BlackClock "0:05:48"]

1. e4 c5 2. Nf3 d6 3. d4 cxd4 4. Nxd4 Nf6 5. Bd3 g6 6. c4 Bg7 7. Nc3 Nc6 8. Nde2 Ne5 9. h3 O-O 10. Be3 Nxd3+ 11. Qxd3 Nd7 12. b3 Nc5 13. Qc2 f5 14. Bxc5 dxc5 15. Rd1 Qa5 16. O-O e6 17. exf5 gxf5 18. f4 a6 19. Rd6 Qc7 20. Rfd1 Bd4+ 21. R6xd4 cxd4 22. Nxd4 Qxf4 23. Qe2 Qh6 24. Nf3 b6 25. Rd6 Ra7 26. Nd1 Rg7 27. Kh1 Bb7 28. Rxb6 Kh8 29. Rxe6 Bxf3 30. Rxh6 Bxe2 31. Ne3 f4 32. Ng4 Bxg4 33. hxg4 Rxg4 0-1

[Event "Olaine Open Rapid 2018"]
[Site "Olaine"]
[Date "2018.11.25"]
[Round "1.4"]
[White "Berzinsh, Roland"]
[Black "Stavickis, Isaks"]
[Result "1-0"]
[WhiteElo "2409"]
[BlackElo "1807"]
[PlyCount "39"]
[EventDate "2018.11.24"]
[EventType "swiss"]
[EventCountry "LAT"]
[TimeControl "600+5"]
[WhiteClock "0:00:11"]
[BlackClock "0:04:14"]

1. e4 e5 2. Nf3 Nc6 3. Bb5 Nf6 4. Nc3 a6 5. Bxc6 dxc6 6. Nxe5 Qe7 7. d4 Be6 8. O-O O-O-O 9. Re1 Qb4 10. Nf3 h6 11. a3 Qa5 12. Be3 Qh5 13. Ne5 g5 14. Qxh5 Nxh5 15. Rad1 Bd6 16. Nd3 f5 17. f3 fxe4 18. Nxe4 Rdf8 19. Nxd6+ cxd6 20. Bxg5 1-0

[Event "Olaine Open Rapid 2018"]
[Site "Olaine"]
[Date "2018.11.25"]
[Round "1.5"]
[White "Nemkovs, Vjaceslavs"]
[Black "Ramma, Kaspars"]
[Result "0-1"]
[WhiteElo "1769"]
[BlackElo "2107"]
[PlyCount "22"]
[EventDate "2018.11.24"]
[EventType "swiss"]
[EventCountry "LAT"]
[TimeControl "600+5"]
[WhiteClock "0:08:56"]
[BlackClock "0:06:15"]

1. d4 d5 2. c4 c6 3. Nf3 Nf6 4. Nc3 a6 5. e3 b5 6. cxd5 cxd5 7. Be2 Bf5 8. O-O e6 9. Nh4 Bg6 10. Bd3 Bd6 11. Bd2 Bxd3 0-1

[Event "Olaine Open Rapid 2018"]
[Site "Olaine"]
[Date "2018.11.25"]
[Round "1.6"]
[White "Lavendelis, Egons"]
[Black "Dombrovska, Stefanija"]
[Result "1-0"]
[WhiteElo "2290"]
[BlackElo "1653"]
[PlyCount "53"]
[EventDate "2018.11.24"]
[EventType "swiss"]
[EventCountry "LAT"]
[TimeControl "600+5"]
[WhiteClock "0:05:35"]
[BlackClock "0:06:11"]

1. e4 e5 2. Nf3 Nc6 3. d4 exd4 4. Bc4 Bc5 5. c3 d6 6. cxd4 Bb4+ 7. Nc3 Nf6 8. Qd3 O-O 9. O-O Bg4 10. Bg5 Bxf3 11. gxf3 h6 12. Bh4 g5 13. Bg3 Bxc3 14. bxc3 Nh5 15. Bb3 Nf4 16. Bxf4 gxf4 17. Kh1 Kh8 18. Bc2 f6 19. Qd2 Ne7 20. Qxf4 Ng8 21. Rg1 Rf7 22. Bb3 Rg7 23. Rxg7 Kxg7 24. Rg1+ Kh7 25. Qf5+ Kh8 26. Qg6 Qe7 27. Bxg8 1-0

[Event "Olaine Open Rapid 2018"]
[Site "Olaine"]
[Date "2018.11.25"]
[Round "2.2"]
[White "Jazdanovs, Aleksandrs"]
[Black "Miezis, Normunds"]
[Result "0-1"]
[WhiteElo "2098"]
[BlackElo "2477"]
[Annotator "RC"]
[PlyCount "62"]
[EventDate "2018.11.24"]
[EventType "swiss"]
[EventCountry "LAT"]
[TimeControl "600+5"]
[WhiteClock "0:06:14"]
[BlackClock "0:00:07"]

1. e4 c5 2. Nf3 e6 3. d4 cxd4 4. Nxd4 a6 5. Nc3 Qc7 6. g3 Bb4 7. Bd2 Nf6 8. Bg2 Nc6 9. Nxc6 dxc6 10. O-O Be7 11. f4 e5 12. f5 b5 13. Be3 Bb7 14. Qe2 b4 15. Nd1 c5 16. Nf2 c4 17. c3 a5 18. g4 h6 19. Rfc1 Ba6 20. h4 Bc5 21. Bf3 Qb6 22. Re1 O-O-O 23. a3 bxc3 24. bxc3 Bxe3 25. Qxe3 Qxe3 26. Rxe3 Nd7 27. Be2 Nc5 28. Rd1 Rxd1+ 29. Nxd1 Rd8 30. Nb2 Rd2 31. Nxc4 Rxe2 0-1

[Event "Olaine Open Rapid 2018"]
[Site "Olaine"]
[Date "2018.11.25"]
[Round "2.3"]
[White "Mustaps, Matiss"]
[Black "Ivanov, Igor"]
[Result "1-0"]
[WhiteElo "2354"]
[BlackElo "2142"]
[PlyCount "89"]
[EventDate "2018.11.24"]
[EventType "swiss"]
[EventCountry "LAT"]
[TimeControl "600+5"]
[WhiteClock "0:00:08"]
[BlackClock "0:04:37"]

1. e4 g6 2. d4 Bg7 3. Nc3 d6 4. Be3 a6 5. a4 b6 6. f3 Bb7 7. Qd2 Nd7 8. g4 h6 9. Nge2 c5 10. Bg2 Qc7 11. O-O Ngf6 12. h3 O-O-O 13. Qe1 e5 14. d5 Nh7 15. Qd2 Rdg8 16. b4 c4 17. Ng3 f6 18. Rf2 Nhf8 19. Bf1 Kb8 20. Qe2 Nh7 21. Rh2 Rc8 22. h4 Rhf8 23. h5 g5 24. Nf5 Rf7 25. Qf2 Rh8 26. Kg2 Ka8 27. Be2 Rb8 28. Rhh1 Bf8 29. Rhb1 Bg7 30. Bd2 Bf8 31. Qe3 Bc8 32. Bf1 Bg7 33. Be1 Bf8 34. Qe2 Bb7 35. Bf2 Bg7 36. Ra3 Bf8 37. Na2 Rc8 38. Rc3 Bg7 39. Ne3 b5 40. axb5 axb5 41. Ra3+ Kb8 42. Nc3 Ndf8 43. Nf5 Ba8 44. Rba1 Qb7 45. Nxd6 1-0

[Event "Olaine Open Rapid 2018"]
[Site "Olaine"]
[Date "2018.11.25"]
[Round "2.4"]
[White "Krums, Ilmars"]
[Black "Berzinsh, Roland"]
[Result "0-1"]
[WhiteElo "1924"]
[BlackElo "2409"]
[PlyCount "74"]
[EventDate "2018.11.24"]
[EventType "swiss"]
[EventCountry "LAT"]
[TimeControl "600+5"]
[WhiteClock "0:04:43"]
[BlackClock "0:01:15"]

1. e4 e5 2. Nc3 Nf6 3. Nf3 d6 4. Bc4 Be7 5. d3 O-O 6. h3 c6 7. Bb3 Nbd7 8. Be3 b5 9. a3 a6 10. Qd2 Qc7 11. O-O Bb7 12. Ne2 d5 13. Ng3 Rfe8 14. c3 c5 15. Bc2 Bf8 16. Qe2 Rac8 17. Rac1 c4 18. Bg5 h6 19. Bd2 cxd3 20. Bxd3 Nc5 21. Bc2 dxe4 22. Nh4 Bd5 23. Be3 Bc4 24. Qe1 Nd3 25. Bxd3 Bxd3 26. Nhf5 Kh7 27. Qd1 g6 28. Nh4 Nd5 29. Re1 Qe7 30. Qg4 Qe6 31. Qxe6 Rxe6 32. f3 Nxe3 33. Rxe3 Bc5 34. Kf2 f5 35. Ngxf5 gxf5 36. Nxf5 exf3 37. Kxf3 Bxf5 0-1

[Event "Olaine Open Rapid 2018"]
[Site "Olaine"]
[Date "2018.11.25"]
[Round "2.5"]
[White "Ramma, Kaspars"]
[Black "Brikers, Aleksandrs"]
[Result "1-0"]
[WhiteElo "2107"]
[BlackElo "2046"]
[PlyCount "61"]
[EventDate "2018.11.24"]
[EventType "swiss"]
[EventCountry "LAT"]
[TimeControl "600+5"]
[WhiteClock "0:01:29"]
[BlackClock "0:02:09"]

1. d4 Nf6 2. Bf4 d5 3. e3 c5 4. c3 Nc6 5. Nd2 Bf5 6. Qb3 Qb6 7. dxc5 Qxb3 8. axb3 e5 9. Bg3 Bxc5 10. b4 Bd6 11. Ngf3 Nh5 12. Nh4 Bg6 13. Be2 Nxg3 14. hxg3 O-O 15. Nxg6 hxg6 16. e4 d4 17. Nc4 Bc7 18. b5 Ne7 19. O-O f5 20. Bf3 f4 21. gxf4 dxc3 22. bxc3 exf4 23. e5 Rf5 24. Bxb7 Rb8 25. Rxa7 Bxe5 26. Be4 Nc8 27. Bxf5 Nxa7 28. Be6+ Kh7 29. Nxe5 Re8 30. Nf3 Nxb5 31. Bd7 1-0

[Event "Olaine Open Rapid 2018"]
[Site "Olaine"]
[Date "2018.11.25"]
[Round "2.6"]
[White "Sinauridze, Simons"]
[Black "Lavendelis, Egons"]
[Result "0-1"]
[WhiteElo "2053"]
[BlackElo "2290"]
[PlyCount "65"]
[EventDate "2018.11.24"]
[EventType "swiss"]
[EventCountry "LAT"]
[TimeControl "600+5"]
[WhiteClock "0:00:35"]
[BlackClock "0:00:06"]

1. e4 c5 2. Nf3 Nc6 3. Bb5 g6 4. O-O Bg7 5. Bxc6 dxc6 6. Nc3 e5 7. d3 Ne7 8. Be3 b6 9. Nd2 O-O 10. f4 exf4 11. Bxf4 f6 12. Qf3 Be6 13. Rae1 Qd7 14. h3 g5 15. Be3 Ng6 16. Qg3 Rf7 17. Nf3 h6 18. d4 f5 19. exf5 Bxf5 20. dxc5 bxc5 21. Bxc5 Bxc2 22. Rf2 Bf5 23. Rd2 Qb7 24. Red1 Nf4 25. Rd8+ Rxd8 26. Rxd8+ Kh7 27. Nxg5+ hxg5 28. Qxg5 Qc7 29. Be3 Bg6 30. Qh4+ Nh5 31. Re8 Qg3 32. Qc4 Nf4 33. Rd8 0-1

[Event "Olaine Open Rapid 2018"]
[Site "Olaine"]
[Date "2018.11.25"]
[Round "3.3"]
[White "Kolesnikovs, Ivans"]
[Black "Mustaps, Matiss"]
[Result "0-1"]
[WhiteElo "2015"]
[BlackElo "2354"]
[PlyCount "52"]
[EventDate "2018.11.24"]
[EventType "swiss"]
[EventCountry "LAT"]
[TimeControl "600+5"]
[WhiteClock "0:05:54"]
[BlackClock "0:00:15"]

1. d4 Nf6 2. c4 g6 3. Nc3 Bg7 4. e4 O-O 5. Nf3 d6 6. Be2 Na6 7. Bg5 h6 8. Bh4 Nh5 9. Qd2 c5 10. d5 Nc7 11. O-O-O b5 12. cxb5 a6 13. b6 Nb5 14. Na4 Nf6 15. e5 Nd7 16. e6 fxe6 17. dxe6 Nxb6 18. Nxb6 Qxb6 19. Bxe7 Re8 20. Bxb5 axb5 21. Qxd6 Qa7 22. Bd8 Qxa2 23. Ne5 Bxe6 24. Rhe1 Qa1+ 25. Kc2 Bf5+ 26. Kc3 Ra3+ 0-1

[Event "Olaine Open Rapid 2018"]
[Site "Olaine"]
[Date "2018.11.25"]
[Round "3.4"]
[White "Berzinsh, Roland"]
[Black "Mierins, Eriks"]
[Result "0-1"]
[WhiteElo "2409"]
[BlackElo "2240"]
[PlyCount "64"]
[EventDate "2018.11.24"]
[EventType "swiss"]
[EventCountry "LAT"]
[TimeControl "600+5"]
[WhiteClock "0:00:35"]
[BlackClock "0:02:53"]

1. d4 d5 2. Bf4 Nf6 3. e3 e6 4. Nf3 Bd6 5. Nbd2 O-O 6. Bg3 c5 7. c3 Nc6 8. Bd3 a6 9. Qe2 b5 10. dxc5 Bxc5 11. e4 dxe4 12. Nxe4 Be7 13. Nxf6+ Bxf6 14. Qe4 g6 15. Qxc6 Qxd3 16. Rd1 Bd7 17. Qxd7 Qe4+ 18. Kd2 Rad8 19. Kc1 Rxd7 20. Rxd7 Bg7 21. Ng5 Bh6 22. h4 f6 23. Rxh7 Qxg2 24. Rh2 Qf1+ 25. Kc2 Qe2+ 26. Kb3 Bg7 27. Rxg7+ Kxg7 28. Nh3 a5 29. Ka3 b4+ 30. cxb4 axb4+ 31. Kb3 e5 32. h5 Rc8 0-1

[Event "Olaine Open Rapid 2018"]
[Site "Olaine"]
[Date "2018.11.25"]
[Round "3.5"]
[White "Bolsakovs, Vadims"]
[Black "Ramma, Kaspars"]
[Result "0-1"]
[WhiteElo "2164"]
[BlackElo "2107"]
[PlyCount "96"]
[EventDate "2018.11.24"]
[EventType "swiss"]
[EventCountry "LAT"]
[TimeControl "600+5"]
[WhiteClock "0:00:18"]
[BlackClock "0:00:07"]

1. d4 d5 2. Nf3 Nf6 3. c4 c6 4. e3 a6 5. Nc3 Bf5 6. h3 e6 7. Be2 Nbd7 8. O-O h6 9. b3 Bd6 10. Bb2 O-O 11. Nh4 Bh7 12. f4 Ne4 13. Qe1 Bb4 14. Nf3 Qa5 15. Rc1 Bxc3 16. Bxc3 Nxc3 17. Qxc3 Qxa2 18. Rf2 Qa3 19. c5 a5 20. Bd1 Qb4 21. Ra2 Qxc3 22. Rxc3 Ra7 23. b4 axb4 24. Rxa7 bxc3 25. Rxb7 Nf6 26. Ne5 c2 27. Bxc2 Bxc2 28. Nxc6 Ra8 29. Ne5 Be4 30. c6 Ra1+ 31. Kf2 Ra2+ 32. Ke1 Rc2 33. c7 Kh7 34. Nxf7 Ne8 35. Ne5 Rxc7 36. Rb6 Nf6 37. g4 Rc1+ 38. Kd2 Rc2+ 39. Kd1 Rh2 40. Rxe6 Rxh3 41. Kd2 Rg3 42. Re7 Nxg4 43. Nd7 Kg6 44. Nf8+ Kh5 45. Rxg7 Kh4 46. Ne6 Nxe3 47. Rxg3 Nc4+ 48. Ke2 Kxg3 0-1

[Event "Olaine Open Rapid 2018"]
[Site "Olaine"]
[Date "2018.11.25"]
[Round "3.6"]
[White "Lavendelis, Egons"]
[Black "Pavlovs, Sergejs"]
[Result "1-0"]
[WhiteElo "2290"]
[BlackElo "1978"]
[PlyCount "67"]
[EventDate "2018.11.24"]
[EventType "swiss"]
[EventCountry "LAT"]
[TimeControl "600+5"]
[WhiteClock "0:00:11"]
[BlackClock "0:00:21"]

1. e4 d5 2. exd5 Qxd5 3. Nc3 Qa5 4. d4 Nf6 5. Bc4 c6 6. Nge2 Bf5 7. O-O e6 8. Ng3 Bb4 9. Nxf5 Qxf5 10. Ne2 h5 11. Bd3 Qa5 12. c4 Be7 13. Bf4 g5 14. Be5 Nbd7 15. f4 Rg8 16. a3 Ng4 17. b4 Qd8 18. Bh7 Ndxe5 19. fxe5 Rg7 20. Qd3 Qd7 21. Be4 O-O-O 22. Rad1 f5 23. exf6 Nxf6 24. Nc3 g4 25. Qe3 Nxe4 26. Nxe4 Rf8 27. Rxf8+ Bxf8 28. Re1 Rg6 29. Ng3 Bg7 30. Ne2 Qf7 31. d5 exd5 32. cxd5 Bh6 33. Qe5 cxd5 34. Rf1 1-0

[Event "Olaine Open Rapid 2018"]
[Site "Olaine"]
[Date "2018.11.25"]
[Round "4.4"]
[White "Ramma, Kaspars"]
[Black "Dzjuba, Vsevolod"]
[Result "0-1"]
[WhiteElo "2107"]
[BlackElo "2238"]
[PlyCount "98"]
[EventDate "2018.11.24"]
[EventType "swiss"]
[EventCountry "LAT"]
[TimeControl "600+5"]
[WhiteClock "0:00:37"]
[BlackClock "0:00:31"]

1. d4 Nf6 2. Bf4 e6 3. e3 c5 4. c3 Nc6 5. Nd2 d5 6. Ngf3 Bd6 7. Bg3 O-O 8. Bd3 b6 9. Ne5 Bb7 10. f4 Ne7 11. Qf3 Nf5 12. Bf2 Be7 13. g4 Nd6 14. g5 Nfe4 15. Ke2 Rc8 16. Rhg1 c4 17. Bc2 b5 18. a3 a5 19. Qh3 b4 20. Nxe4 dxe4 21. a4 Bd5 22. Rg4 Nf5 23. Qg2 bxc3 24. bxc3 Rb8 25. Qh1 Rb2 26. Qc1 Qb6 27. Kd1 Rd8 28. Be1 Bd6 29. Bd2 Bxe5 30. fxe5 Rb8 31. Ke2 Qc6 32. Rg1 Nh4 33. Be1 Nf3 34. Rg2 Qd7 35. Kf1 Bc6 36. h4 R2b3 37. Bxb3 cxb3 38. c4 Bxa4 39. Bxa5 Bc6 40. Bc3 Nxh4 41. Rg4 Nf3 42. Qb2 Qe7 43. Ra3 Nxg5 44. Rxb3 Rc8 45. Bb4 Qd8 46. Bd6 Nf3 47. Rb8 Rxb8 48. Qxb8 Qxb8 49. Bxb8 Nh2+ 0-1

[Event "Olaine Open Rapid 2018"]
[Site "Olaine"]
[Date "2018.11.25"]
[Round "4.5"]
[White "Mierins, Eriks"]
[Black "Lavendelis, Egons"]
[Result "0-1"]
[WhiteElo "2240"]
[BlackElo "2290"]
[PlyCount "76"]
[EventDate "2018.11.24"]
[EventType "swiss"]
[EventCountry "LAT"]
[TimeControl "600+5"]
[WhiteClock "0:01:29"]
[BlackClock "0:00:07"]

1. e4 c5 2. Nf3 Nc6 3. d4 cxd4 4. Nxd4 Nf6 5. Nc3 e6 6. Be2 Bb4 7. O-O Bxc3 8. bxc3 Nxe4 9. Bf3 Nxc3 10. Qd3 Nxd4 11. Qxd4 Qf6 12. Qxf6 gxf6 13. Bb2 Na4 14. Bxf6 Rg8 15. Be4 h6 16. f3 Nb6 17. Bh7 Rg6 18. Bxg6 fxg6 19. c4 Nxc4 20. Rac1 d5 21. g4 Kf7 22. Bd4 e5 23. Bc3 Bd7 24. f4 e4 25. h3 h5 26. gxh5 gxh5 27. Bd4 Bxh3 28. Rf2 Rg8+ 29. Kh2 Bg4 30. Bxa7 e3 31. Rg2 e2 32. Bf2 Nd2 33. Rc7+ Ke6 34. Rxb7 e1=Q 35. Bxe1 Nf3+ 36. Kg3 Nxe1 37. Rgb2 Bf5+ 38. Kh2 Nf3+ 0-1

[Event "Olaine Open Rapid 2018"]
[Site "Olaine"]
[Date "2018.11.25"]
[Round "4.6"]
[White "Sinauridze, Simons"]
[Black "Berzinsh, Roland"]
[Result "0-1"]
[WhiteElo "2053"]
[BlackElo "2409"]
[PlyCount "34"]
[EventDate "2018.11.24"]
[EventType "swiss"]
[EventCountry "LAT"]
[TimeControl "600+5"]
[WhiteClock "0:06:32"]
[BlackClock "0:03:02"]

1. e4 e5 2. Nf3 Nc6 3. d4 exd4 4. Nxd4 Nf6 5. Nc3 Bb4 6. Nxc6 bxc6 7. Bd3 d5 8. e5 Ng4 9. O-O O-O 10. Bf4 Re8 11. Qe2 f6 12. e6 Bxe6 13. Rae1 Bd6 14. Bxd6 Qxd6 15. f4 Bd7 16. Qf3 Qc5+ 17. Kh1 Rxe1 0-1

[Event "Olaine Open Rapid 2018"]
[Site "Olaine"]
[Date "2018.11.25"]
[Round "5.2"]
[White "Lavendelis, Egons"]
[Black "Levchenkov, Vitaly"]
[Result "1-0"]
[WhiteElo "2290"]
[BlackElo "2150"]
[PlyCount "97"]
[EventDate "2018.11.24"]
[EventType "swiss"]
[EventCountry "LAT"]
[TimeControl "600+5"]
[WhiteClock "0:00:20"]
[BlackClock "0:02:01"]

1. Nf3 Nf6 2. g3 g6 3. Bg2 Bg7 4. O-O O-O 5. d4 d5 6. Nbd2 Ne4 7. e3 c5 8. c3 cxd4 9. Nxe4 dxe4 10. Nxd4 e5 11. Nb5 Qb6 12. c4 a6 13. Nc3 f5 14. b3 Rd8 15. Nd5 Qc5 16. a4 Nc6 17. Ba3 Qa7 18. Qc2 b6 19. Rad1 Be6 20. Rd2 Rd7 21. Rfd1 Rad8 22. Bf1 Qb7 23. h4 h5 24. Be2 Kh7 25. Kf1 Kg8 26. Ke1 Kh7 27. Nc3 Nd4 28. Qb1 Nf3+ 29. Bxf3 exf3 30. Rxd7 Rxd7 31. Rxd7 Qxd7 32. Qd1 Qxd1+ 33. Kxd1 Kg8 34. Bd6 e4 35. Kc2 Bxc3 36. Kxc3 Bd7 37. Bc7 b5 38. cxb5 axb5 39. a5 Kf7 40. Kd4 b4 41. Kc5 Bc8 42. Kxb4 Ke6 43. Kc5 Kd7 44. Be5 Bb7 45. b4 Kc8 46. b5 Kd7 47. a6 Bc8 48. Kb6 Kd8 49. a7 1-0

[Event "Olaine Open Rapid 2018"]
[Site "Olaine"]
[Date "2018.11.25"]
[Round "5.4"]
[White "Antoms, Guntars"]
[Black "Berzinsh, Roland"]
[Result "1-0"]
[WhiteElo "2340"]
[BlackElo "2409"]
[PlyCount "83"]
[EventDate "2018.11.24"]
[EventType "swiss"]
[EventCountry "LAT"]
[TimeControl "600+5"]
[WhiteClock "0:00:21"]
[BlackClock "0:01:01"]

1. c4 e5 2. Nc3 Nc6 3. e3 Nf6 4. Nf3 Bb4 5. Qc2 O-O 6. Nd5 Re8 7. a3 Bf8 8. Ng5 g6 9. h4 d6 10. b4 Bf5 11. d3 Bg7 12. Bb2 Be6 13. Nxe6 Rxe6 14. O-O-O Ne7 15. Nxf6+ Bxf6 16. h5 d5 17. g4 a5 18. hxg6 hxg6 19. f4 axb4 20. axb4 exf4 21. g5 Bxb2+ 22. Qxb2 d4 23. Qh2 Kf8 24. Qh6+ Ke8 25. Qh8+ Kd7 26. Qxd4+ Rd6 27. Bh3+ Nf5 28. Bxf5+ gxf5 29. Qxf4 Ke7 30. Kb2 Ra4 31. Kb3 Qa8 32. Qe5+ Kd7 33. Qxf5+ Ke7 34. Qe5+ Kd7 35. Qb5+ c6 36. Qf5+ Kc7 37. Qxf7+ Rd7 38. Qf4+ Kb6 39. c5+ Ka6 40. Kxa4 b5+ 41. cxb6 Kxb6+ 42. Kb3 1-0

[Event "Olaine Open Rapid 2018"]
[Site "Olaine"]
[Date "2018.11.25"]
[Round "5.5"]
[White "Gudovskis, Konstantins"]
[Black "Ramma, Kaspars"]
[Result "1/2-1/2"]
[WhiteElo "2032"]
[BlackElo "2107"]
[PlyCount "110"]
[EventDate "2018.11.24"]
[EventType "swiss"]
[EventCountry "LAT"]
[TimeControl "600+5"]
[WhiteClock "0:00:47"]
[BlackClock "0:00:34"]

1. d4 d5 2. Nf3 Nf6 3. c4 c6 4. Nc3 a6 5. c5 Bf5 6. Bf4 Nbd7 7. h3 Ne4 8. e3 e6 9. Bd3 b5 10. O-O Be7 11. Qc2 Nxc3 12. bxc3 Bxd3 13. Qxd3 f5 14. Ne5 Nxe5 15. Bxe5 O-O 16. a4 Bf6 17. Bxf6 Qxf6 18. f4 g5 19. Ra2 gxf4 20. exf4 Qh6 21. Qf3 Rac8 22. Re1 Rf6 23. axb5 axb5 24. Ra7 Rf7 25. Qg3+ Qg7 26. Qxg7+ Kxg7 27. Rxf7+ Kxf7 28. Ra1 Rb8 29. Ra7+ Kf6 30. Rc7 b4 31. cxb4 Rxb4 32. Kf2 Rxd4 33. g3 h5 34. Rxc6 h4 35. Rc8 Rc4 36. gxh4 Rxf4+ 37. Kg3 Rc4 38. c6 Ke7 39. h5 f4+ 40. Kg4 f3+ 41. Kxf3 Rh4 42. c7 Kd7 43. Re8 Kxc7 44. Rxe6 Rxh5 45. Kg4 Rh7 46. h4 Kd7 47. Re1 Kd6 48. h5 d4 49. Rd1 Kd5 50. Kg5 Kc4 51. h6 d3 52. Kg6 Rh8 53. h7 Kc3 54. Rxd3+ Kxd3 55. Kg7 Rxh7+ 1/2-1/2

[Event "Olaine Open Rapid 2018"]
[Site "Olaine"]
[Date "2018.11.25"]
[Round "5.6"]
[White "Rogule, Laura"]
[Black "Mierins, Eriks"]
[Result "1-0"]
[WhiteElo "2263"]
[BlackElo "2240"]
[PlyCount "41"]
[EventDate "2018.11.24"]
[EventType "swiss"]
[EventCountry "LAT"]
[TimeControl "600+5"]
[WhiteClock "0:10:05"]
[BlackClock "0:03:25"]

1. e4 e5 2. Nf3 Nc6 3. Bc4 Bc5 4. O-O Nf6 5. d3 O-O 6. Be3 Bxe3 7. fxe3 d5 8. exd5 Nxd5 9. Qe1 Bg4 10. Nbd2 Na5 11. Nxe5 Nxc4 12. dxc4 Nf6 13. Rxf6 Qxf6 14. Nxg4 Qxb2 15. Nf3 Qxc2 16. Qh4 Rad8 17. Nd4 Qxc4 18. Rf1 c5 19. Nf5 Qe2 20. Nf6+ gxf6 21. Qg3+ 1-0

[Event "Olaine Open Rapid 2018"]
[Site "Olaine"]
[Date "2018.11.25"]
[Round "6.2"]
[White "Mustaps, Matiss"]
[Black "Rogule, Laura"]
[Result "1/2-1/2"]
[WhiteElo "2354"]
[BlackElo "2263"]
[PlyCount "21"]
[EventDate "2018.11.24"]
[EventType "swiss"]
[EventCountry "LAT"]
[TimeControl "600+5"]
[WhiteClock "0:09:19"]
[BlackClock "0:08:55"]

1. e4 c5 2. Nf3 Nc6 3. d4 cxd4 4. Nxd4 Nf6 5. Nc3 d6 6. Bc4 Qb6 7. Nb3 e6 8. O-O Be7 9. Kh1 Qc7 10. f4 a6 11. a3 1/2-1/2

[Event "Olaine Open Rapid 2018"]
[Site "Olaine"]
[Date "2018.11.25"]
[Round "6.4"]
[White "Smorodinskis, Igors"]
[Black "Dzjuba, Vsevolod"]
[Result "1/2-1/2"]
[WhiteElo "2209"]
[BlackElo "2238"]
[PlyCount "79"]
[EventDate "2018.11.24"]
[EventType "swiss"]
[EventCountry "LAT"]
[TimeControl "600+5"]
[WhiteClock "0:02:33"]
[BlackClock "0:05:52"]

1. d4 Nf6 2. c4 g6 3. Nc3 d5 4. cxd5 Nxd5 5. e4 Nxc3 6. bxc3 Bg7 7. Bc4 c5 8. Ne2 O-O 9. O-O Nc6 10. Be3 Qc7 11. Rc1 b6 12. Qa4 e6 13. Qa3 Bb7 14. Rfd1 Na5 15. Bd3 Rac8 16. Bf4 e5 17. Bg3 Qe7 18. d5 f5 19. f3 Rcd8 20. c4 Bc8 21. Bf2 h5 22. Nc3 h4 23. Rf1 Bh6 24. Rcd1 Bf4 25. Ne2 Bg5 26. Qc3 Nb7 27. Qa3 Nd6 28. Nc3 Kg7 29. Nb5 Nxb5 30. cxb5 fxe4 31. Bxe4 Rd6 32. Qc3 Bf4 33. a4 Qg5 34. Kh1 Rh8 35. Rg1 Bg3 36. Qd2 Bf4 37. Qe1 Qf6 38. a5 g5 39. axb6 axb6 40. Ra1 1/2-1/2

[Event "Olaine Open Rapid 2018"]
[Site "Olaine"]
[Date "2018.11.25"]
[Round "6.5"]
[White "Dijokas, Linas"]
[Black "Jazdanovs, Aleksandrs"]
[Result "0-1"]
[WhiteElo "2146"]
[BlackElo "2098"]
[PlyCount "55"]
[EventDate "2018.11.24"]
[EventType "swiss"]
[EventCountry "LAT"]
[TimeControl "600+5"]
[WhiteClock "0:06:13"]
[BlackClock "0:00:08"]

1. e4 c5 2. Nc3 d6 3. f4 Nc6 4. Nf3 g6 5. Bc4 Bg7 6. O-O e6 7. f5 gxf5 8. exf5 d5 9. fxe6 Bxe6 10. Bb5 Nge7 11. d3 Qb6 12. Bxc6+ Nxc6 13. Ng5 O-O-O 14. Nxf7 Bxf7 15. Rxf7 Bd4+ 16. Kh1 Ne5 17. Rf5 Qe6 18. Qh5 Rhf8 19. Rxf8 Rxf8 20. Bh6 Rf6 21. Bg7 Rf5 22. Qxh7 Qf7 23. Qh8+ Kd7 24. Qh3 Kc6 25. g3 Rf2 26. Qc8+ Kb6 27. Na4+ Ka6 28. Nxc5+ 0-1

[Event "Olaine Open Rapid 2018"]
[Site "Olaine"]
[Date "2018.11.25"]
[Round "6.6"]
[White "Germanovs, Georgijs"]
[Black "Volodins, Igors"]
[Result "0-1"]
[WhiteElo "1553"]
[BlackElo "2186"]
[PlyCount "146"]
[EventDate "2018.11.24"]
[EventType "swiss"]
[EventCountry "LAT"]
[TimeControl "600+5"]
[WhiteClock "0:01:52"]
[BlackClock "0:03:28"]

1. e4 c6 2. d4 d5 3. e5 Bf5 4. c4 dxc4 5. Bxc4 e6 6. Nc3 Nd7 7. Nf3 Nb6 8. Bd3 Ne7 9. Bg5 Bxd3 10. Qxd3 h6 11. Bh4 g5 12. Nxg5 hxg5 13. Bxg5 Qd7 14. Ne4 Ned5 15. a3 Be7 16. Bxe7 Kxe7 17. Qc2 Rag8 18. Qc5+ Kd8 19. g3 Nc8 20. Rc1 Qc7 21. O-O Rh3 22. f3 Qb6 23. b4 Qa6 24. Qa5+ Qxa5 25. bxa5 Rh6 26. a6 bxa6 27. Rxc6 Ncb6 28. Nc5 a5 29. Nb7+ Kd7 30. Nxa5 Nf4 31. Rc2 Nfd5 32. Rfc1 Rc8 33. Rxc8 Nxc8 34. Nb7 Ncb6 35. Nc5+ Ke7 36. Ne4 Rh8 37. Nd6 f6 38. f4 fxe5 39. dxe5 Rb8 40. Rb1 Rd8 41. Kg2 Ne3+ 42. Kf3 Nf5 43. Rd1 Nxd6 44. Rxd6 Rxd6 45. exd6+ Kxd6 46. h4 Ke7 47. Ke4 Nc4 48. a4 a5 49. Kd4 Nb6 50. Kc5 Nxa4+ 51. Kb5 Nc3+ 52. Kxa5 Ne2 53. g4 Nxf4 54. Kb4 Ng2 55. h5 Kf6 56. Kc4 Ne3+ 57. Kd4 Nxg4 58. Ke4 Kg5 59. h6 Kxh6 60. Kf4 Kh5 61. Ke4 Kg5 62. Kf3 Kf5 63. Kg3 e5 64. Kf3 e4+ 65. Kg3 Kg5 66. Kg2 Kf4 67. Kg1 Kf3 68. Kf1 Nh2+ 69. Kg1 e3 70. Kxh2 e2 71. Kh3 e1=Q 72. Kh2 Qf2+ 73. Kh3 Qg3# 0-1

[Event "Olaine Open Rapid 2018"]
[Site "Olaine"]
[Date "2018.11.25"]
[Round "7.3"]
[White "Jazdanovs, Aleksandrs"]
[Black "Ramma, Kaspars"]
[Result "0-1"]
[WhiteElo "2098"]
[BlackElo "2107"]
[PlyCount "58"]
[EventDate "2018.11.24"]
[EventType "swiss"]
[EventCountry "LAT"]
[TimeControl "600+5"]
[WhiteClock "0:01:39"]
[BlackClock "0:05:35"]

1. e4 d5 2. exd5 Qxd5 3. Nc3 Qd6 4. d4 Nf6 5. Bd3 Bg4 6. f3 Bh5 7. Nge2 Nc6 8. Bf4 Qd7 9. Bb5 e6 10. Qd2 a6 11. Ba4 b5 12. Bb3 Bb4 13. O-O-O Na5 14. a3 Nxb3+ 15. cxb3 Be7 16. Be5 Bg6 17. Nf4 b4 18. axb4 Bxb4 19. Nxg6 hxg6 20. Bxf6 gxf6 21. d5 e5 22. f4 O-O 23. fxe5 fxe5 24. Qg5 Bxc3 25. bxc3 Qb5 26. Kc2 Rab8 27. Rb1 Qxd5 28. Rhe1 Rfd8 29. Red1 Qe4+ 0-1

[Event "Olaine Open Rapid 2018"]
[Site "Olaine"]
[Date "2018.11.25"]
[Round "7.4"]
[White "Rogule, Laura"]
[Black "Smorodinskis, Igors"]
[Result "1-0"]
[WhiteElo "2263"]
[BlackElo "2209"]
[PlyCount "99"]
[EventDate "2018.11.24"]
[EventType "swiss"]
[EventCountry "LAT"]
[TimeControl "600+5"]
[WhiteClock "0:00:24"]
[BlackClock "0:00:27"]

1. c4 Nf6 2. Nf3 g6 3. g3 Bg7 4. Bg2 O-O 5. O-O d6 6. d4 c5 7. Nc3 Nc6 8. d5 Na5 9. Nd2 a6 10. a4 Rb8 11. Qc2 Bd7 12. e4 e5 13. Qd3 b6 14. Ra3 Ne8 15. h3 Nxc4 16. Nxc4 b5 17. axb5 axb5 18. Na5 b4 19. Ra1 bxc3 20. Qxc3 Ra8 21. b4 cxb4 22. Qxb4 Rb8 23. Qd2 Rc8 24. Ba3 f5 25. exf5 Bxf5 26. Nc6 Qc7 27. g4 Bd7 28. Ne7+ Kh8 29. Rac1 Qd8 30. Nxc8 Bxc8 31. Bb4 Ba6 32. Rfe1 Qb6 33. Rc6 Qb7 34. Bxd6 Nxd6 35. Rxd6 e4 36. Rxe4 Qb5 37. Re1 Bb7 38. Rde6 Bc8 39. Re7 Qc5 40. R7e4 h6 41. Re8 Kh7 42. Rxf8 Qxf8 43. d6 Bd7 44. Re7 Bb5 45. d7 Qd8 46. Rf7 Kg8 47. Qd5 Qa5 48. d8=Q+ Qxd8 49. Qxd8+ Kxf7 50. Bd5# 1-0